Map: Lightshade LE

Players

Zoun

  • Race: Protoss Protoss
  • League: Diamond
  • Spawn Location: 11:00

Astrea - Winner!

  • Race: Protoss Protoss
  • League: Master
  • Spawn Location: 5:00

Event: Cheeseadelphia Winter Championship 2021

VOD

Have the link to the VOD?

Description

Time

  • Played on: Jan. 24, 2021, 12:36 p.m.
  • Length: 4:37

All games in this series

Show
View Real Time Build Order
Export as new Build Order

Zoun Protoss 

Build Orders: Oracle Opening 

Get SALT Encoding   

  12  0:00  Probe  
  13  0:12  Probe  
  14  0:17  Pylon  
  14  0:24  Probe (Chrono Boost)  
  15  0:36  Probe (Chrono Boost)  
  15  0:37  Gateway  
  16  0:44  Probe (Chrono Boost)  
  16  0:46  Assimilator  
  17  0:51  Probe  
  17  0:54  Assimilator  
  18  1:03  Probe (Chrono Boost)  
  19  1:07  Gateway  
  19  1:13  Probe (Chrono Boost)  
  19  1:18  Probe (Chrono Boost)  
  20  1:24  Cybernetics Core  
  21  1:29  Probe  
  22  1:33  Pylon  
  22  1:41  Probe  
  23  1:53  Probe  
  24  2:00  Adept  
  24  2:01  Adept, Warp Gate  
  28  2:07  Pylon  
  28  2:08  Probe  
  29  2:23  Pylon  
  29  2:29  Stargate  
  29  2:34  Adept  
  29  2:35  Adept  
  33  2:59  Nexus  
  33  3:11  Oracle (Chrono Boost)  
  33  3:15  Pylon  
  33  3:19  Probe  
  36  3:32  Void Ray (Chrono Boost)  
  34  3:34  Shield Battery  
  38  3:42  Shield Battery  
  38  3:48  Stalker  
  38  3:55  Pylon  
  40  4:14  Stalker x2  
  42  4:23  Shield Battery  
Show
View Real Time Build Order
Export as new Build Order

Astrea Protoss - Winner!

Build Orders:  

Get SALT Encoding   

  12  0:00  Probe  
  13  0:12  Probe  
  14  0:17  Pylon  
  14  0:24  Probe (Chrono Boost)  
  15  0:36  Gateway, Probe (Chrono Boost)  
  16  0:45  Assimilator, Probe (Chrono Boost)  
  17  0:51  Probe  
  17  0:54  Assimilator  
  18  1:03  Probe (Chrono Boost)  
  19  1:08  Gateway  
  19  1:13  Probe (Chrono Boost)  
  19  1:18  Probe (Chrono Boost)  
  20  1:23  Cybernetics Core  
  21  1:30  Pylon  
  21  1:33  Probe  
  22  1:45  Probe  
  23  1:47  Gateway  
  23  1:57  Warp Gate (Chrono Boost)  
  23  2:00  Stalker  
  25  2:04  Stalker  
  28  2:08  Probe  
  28  2:14  Pylon  
  28  2:21  Probe  
  29  2:30  Stalker  
  29  2:34  Stalker  
  33  2:41  Stalker  
  34  3:00  Stalker  
  34  3:02  Pylon  
  34  3:04  Stalker  
  40  3:32  Shield Battery  
  38  3:43  Stalker  
  38  3:46  Stalker x2  
  44  3:59  Nexus  
  44  4:07  Stalker  
  45  4:15  Probe  
  38  4:24  Stalker x2  
Tags
 
Add a new tag
Caveats
  • Supply blocks, unpowered buildings, or Contaminate may cause inaccurate times.
  • Supply counts are checked every 10 seconds.